 Dungeon Crawl Stone Soup version 0.31-a0-152-g6aa68a64a1 (webtiles) character file.

Game seed: 17556972352537026931

342 qw the Shooter (level 6, 0/52 HPs)
             Began as a Minotaur Hunter on June 9, 2023.
             Slain by a black bear (3 damage)
             ... on level 4 of the Dungeon.
             The game lasted 00:01:03 (2822 turns).

qw the Shooter (Minotaur Hunter)                    Turns: 2822, Time: 00:01:03

Health: 0/52       AC:  5    Str: 19    XL:     6   Next: 30%
Magic:  5/5        EV: 11    Int: 12    God:
Gold:   192        SH:  0    Dex: 16    Spells: 5/5 levels left

rFire   . . .        Y - +0 shortbow (flame)
rCold   . . .        (shield currently unavailable)
rNeg    . . .        b - +0 ring mail
rPois   +            (helmet restricted)
rElec   .            i - scarf {repulsion}
rCorr   +            (no gloves)
SInv    .            (no boots)
Will    .....        (no amulet)
Stlth   +            a - +6 ring of strength
HPRegen 0.28/turn    e - ring "Lihitzamp" {rPois rCorr Str-2 Int+6}
MPRegen 0.09/turn

%: repel missiles
@: no status effects
A: horns 2, retaliatory headbutt
a: no special abilities


You were on level 4 of the Dungeon.
You visited 1 branch of the dungeon, and saw 5 of its levels.

You collected 192 gold pieces.


Innate Abilities, Weirdness & Mutations

You have a pair of horns on your head.
You reflexively headbutt those who attack you in melee.


   Skills:
 - Level 4.0 Fighting
 + Level 7.6 Ranged Weapons
 - Level 1.4 Armour
 - Level 2.1 Dodging
 - Level 0.7 Stealth


You had 5 spell levels left.
You didn't know any spells.
Your spell library was empty.

Inventory:

Hand Weapons
 Y - a +0 shortbow of flaming (weapon)
Armour
 b - a +0 ring mail (worn)
 i - a scarf of repulsion (worn)
Jewellery
 a - a +6 ring of strength (left hand)
 e - the ring "Lihitzamp" (right hand) {rPois rCorr Str-2 Int+6}
   (You found it on level 3 of the Dungeon)

   [ring of poison resistance]

   Str:       It affects your strength (-2).
   Int:       It affects your intelligence (+6).
   rPois:     It protects you from poison.
   rCorr:     It protects you from acid and corrosion.
Scrolls
 f - a scroll of identify
Potions
 c - a potion of cancellation {unknown}
 d - a potion of resistance
 g - a potion of curing
 h - a potion of heal wounds {unknown}
 j - a potion of haste {unknown}
 l - a potion of degeneration {unknown}

Dungeon Overview and Level Annotations

Branches:
Dungeon (5/15)
 Temple: D:4-7

Altars:
Trog

Annotations:
D:4 3 runed translucent doors, qw's ghost, amateur MiHu


Message History

There is a stone staircase leading down here.
You climb downwards.
The black bear bites you.
The black bear claws you but does no damage.
The black bear barely misses you.
There is a stone staircase leading up here.
You shoot an arrow. The arrow hits the black bear!
The arrow burns the black bear.
The black bear is moderately wounded.
The black bear closely misses you.
The black bear claws you but does no damage.
The black bear closely misses you.
You shoot an arrow. The arrow hits the black bear!
The arrow burns the black bear.
The black bear is severely wounded.
The black bear bites you.
The black bear claws you but does no damage. x2
The orc wizard barely misses you. You furiously retaliate!
You headbutt the orc wizard!
The black bear goes berserk!
2819 ||| STAIRDANCE The black bear bites you!
The black bear claws you. x2
The orc wizard hits you with a +0 dagger.
You climb upwards.
Level annotation: 3 runed translucent doors, qw's ghost, amateur MiHu
There is a stone staircase leading down here.
You shoot an arrow.
The arrow closely misses the black bear.
The black bear bites you. The black bear claws you.
The black bear claws you but does no damage.
The black bear bites you.
The black bear claws you but does no damage.
The black bear claws you.
The orc wizard hits you but does no damage.
You shoot an arrow.
The arrow hits the black bear but does no damage.
The black bear is severely wounded.
The black bear barely misses you. The black bear misses you.
The black bear claws you.
The orc wizard hits you with a +0 dagger.
The black bear bites you! The black bear claws you.
You die...

##### #...# #...# #...#
#...# #...# ######
####### #...# #@o..#
#.....#
#...####h##.###.....#####
#.............'.....'....
###..........##.....#####
#........#.########
#........#....#########
#........####.##.......
#..............#......)
#............#.?.......


You could see a black bear (berserk) and an orc wizard.

Vanquished Creatures
  A jelly (D:4)
  4 hounds (D:4)
  An iguana (D:4)
  Jessica (D:3)
  A gnoll (D:1)
  5 adders
  A worm (D:3)
  A dart slug (D:3)
  7 orcs
  5 ball pythons (D:1)
  7 bats
  8 endoplasms
  3 giant cockroaches
  8 hobgoblins
  4 jackals
  6 kobolds
  7 quokkas
  6 goblins
  4 rats
80 creatures vanquished.

Notes
Turn   | Place    | Note
-------+----------+-------------------------------------------
     0 | D:1      | qw the Minotaur Hunter began the quest for the Orb.
     0 | D:1      | Reached XP level 1. HP: 18/18 MP: 0/0
     0 | D:1      | 0 ||| qw: Version: 0.2-a-121-gba3a3e5
     0 | D:1      | 0 ||| qw: Game counter: 3179
     0 | D:1      | 0 ||| qw: Always use a shield: true
     0 | D:1      | 0 ||| qw: God list: Okawaru
     0 | D:1      | 0 ||| qw: Allow faded altars: false
     0 | D:1      | 0 ||| qw: Do Orc after D:15 true
     0 | D:1      | 0 ||| qw: Do second Lair branch before Depths: true
     0 | D:1      | 0 ||| qw: Lair rune preference: random
     0 | D:1      | 0 ||| qw: Plans: Normal
     0 | D:1      | 0 ||| PLANNING D:1-11
    58 | D:1      | Reached skill level 5 in Ranged Weapons
    58 | D:1      | Reached XP level 2. HP: 15/25 MP: 1/1
   250 | D:1      | Reached skill level 3 in Fighting
   397 | D:1      | Reached XP level 3. HP: 31/31 MP: 2/2
   851 | D:1      | 851 ||| READING scroll labelled PYG ZUR MIEMP.
   852 | D:1      | 852 ||| READING scroll labelled YNLICE VUAX.
   853 | D:1      | 853 ||| READING scroll labelled SESATE UMUCE.
   858 | D:1      | 858 ||| DROPPING scroll of butterflies.
  1246 | D:2      | You fall into a shaft and drop 1 floor!
  1281 | D:3      | Reached skill level 6 in Ranged Weapons
  1281 | D:3      | Reached XP level 4. HP: 38/38 MP: 3/3
  1301 | D:3      | 1301 ||| UPGRADING to +0 ring mail.
  1311 | D:3      | 1311 ||| DROPPING +0 leather armour.
  1312 | D:3      | 1312 ||| READING scroll labelled YJAED ICYGOTWU.
  1313 | D:3      | 1313 ||| READING 2 scrolls labelled MILUCW SETWAKK.
  1314 | D:3      | 1314 ||| DRINKING 2 white potions.
  1315 | D:3      | 1315 ||| DROPPING scroll of fear.
  1635 | D:2      | 1635 ||| READING 3 scrolls of identify.
  1635 | D:2      | 1635 ||| IDENTIFYING fuming orange potion
  1636 | D:2      | 1636 ||| READING 2 scrolls of identify.
  1636 | D:2      | 1636 ||| IDENTIFYING viscous blue potion
  1637 | D:2      | 1637 ||| DROPPING potion of brilliance.
  1673 | D:3      | Reached skill level 1 in Armour
  1749 | D:3      | Identified the ring "Lihitzamp" {rPois rCorr Str-2 Int+6}
  1749 | D:3      | Noticed Jessica
  1754 | D:3      | Killed Jessica
  1858 | D:3      | Reached XP level 5. HP: 46/46 MP: 4/4
  1909 | D:3      | Found a faded altar of an unknown god.
  2065 | D:3      | 2065 ||| UPGRADING to scarf of repulsion.
  2070 | D:3      | 2070 ||| UPGRADING to +6 ring of strength.
  2071 | D:3      | 2071 ||| UPGRADING to ring "Lihitzamp" {rPois rCorr Str-2
                  | Int+6}.
  2400 | D:4      | Reached skill level 7 in Ranged Weapons
  2427 | D:4      | Reached XP level 6. HP: 52/52 MP: 5/5
  2429 | D:4      | Found a bloodstained altar of Trog.
  2613 | D:4      | Found a runed translucent gate.
  2614 | D:4      | Found a runed translucent gate.
  2614 | D:4      | Noticed qw's ghost (amateur MiHu)
  2615 | D:4      | Found a runed translucent gate.
  2769 | D:4      | 2769 ||| READING 3 scrolls labelled BEL WEIGHUELO.
  2770 | D:4      | 2770 ||| DROPPING 2 scrolls of immolation.
  2783 | D:5      | Entered Level 5 of the Dungeon
  2786 | D:5      | 2786 ||| STAIRDANCE
  2819 | D:5      | 2819 ||| STAIRDANCE
  2822 | D:4      | HP: 12/52 [black bear (2)]
  2822 | D:4      | HP: 3/52 [black bear (8)]
  2822 | D:4      | Slain by a black bear

Levels and vault maps discovered:
D:1:      lordsloth_arrival_two_stooges, layout_basic, serial_forest,
          infiniplex_forest_zigzag_1, infiniplex_forest_lined_room_2,
          infiniplex_forest_lined_room_3, infiniplex_forest_straight_2,
          infiniplex_forest_straight_2, infiniplex_forest_corner_1
D:2:      layout_basic, hangedman_abyss_or_decor_stabs
D:3:      layout_rooms, dreamdust_ecumenical_altar_angels_and_demons,
          uniq_jessica
D:4:      layout_basic, kennysheep_mini, gammafunk_ghost_nasty_kobolds
D:5:      layout_cave_pools, kennysheep_little_box, lemuel_tele_altar,
          overflow_temple_1_default, serial_shops, shop

Skill      XL: |  1  2  3  4  5 |
---------------+----------------+-----
Ranged Weapons | 5 6 7 |  7.6
Fighting       | 3 4 |  4.0
Armour         | 1 |  1.4
Dodging        | |  2.1
Stealth        | |  0.7

Action                     |  1- 3 |  4- 6 || total
---------------------------+-------+-------++-------
   Fire: Shortbow          |   109 |   113 ||   222
    Use: Scroll            |     3 |     5 ||     8
         Potion            |       |     1 ||     1
 Armour: Leather armour    |     5 |       ||     5
         Ring mail         |       |    17 ||    17
  Dodge: Dodged            |    29 |    28 ||    57

Table legend:
 A = Non-vault XP
 B = Vault XP
 C = Vault XP percentage of total XP
 D = Non-vault monster count
 E = Vault monster count
 F = Vault count percentage of total count
                 A         B        C        D         E       F
            +---------+---------+-------+---------+---------+-------
      Total |     452 |      37 |   7.6 |      79 |       1 |   1.2
            +---------+---------+-------+---------+---------+-------
        D:1 |      55 |       0 |   0.0 |      26 |       0 |   0.0
        D:2 |      31 |       0 |   0.0 |      11 |       0 |   0.0
        D:3 |      84 |      37 |  30.6 |      23 |       1 |   4.2
        D:4 |     282 |       0 |   0.0 |      19 |       0 |   0.0
            +---------+---------+-------+---------+---------+-------
